 Dungeon Crawl Stone Soup version 0.28-a0-29-g0adfcbbeba (console) character file.

Game seed: 436010197813327060

1309 Gather the Zephyrmancer (level 8, -5/44 HPs)
             Began as a Tengu Air Elementalist on July 22, 2021.
             Was a Believer of Elyvilon.
             Shot with an arrow by a centaur (10 damage)
             ... while paralysed by Grinder
             ... on level 6 of the Dungeon on July 27, 2021.
             The game lasted 00:45:50 (10109 turns).

Gather the Zephyrmancer (Tengu Air Elementalist)   Turns: 10109, Time: 00:45:50

Health: -5/44      AC:  2    Str:  8    XL:     8   Next: 58%
Magic:  4/16       EV:  2    Int: 19    God:    Elyvilon [**....]
Gold:   208        SH:  0    Dex: 14    Spells: 6/16 levels left

rFire   . . .      SeeInvis .   b - +1 dagger
rCold   . . .      Faith    .   (no shield)
rNeg    . . .      Spirit   .   a - +0 robe
rPois   .          Reflect  .   (helmet restricted)
rElec   .          Harm     .   (no cloak)
rCorr   .          Rampage  .   (no gloves)
Will    .....                   (boots unavailable)
Stlth   ++........              (no amulet)
HPRegen 0.14/turn               (no ring)
MPRegen 0.15/turn               (no ring)

@: paralysed, flying quickly and evasively, quick
A: beak, talons 3, nimble flight
a: Renounce Religion, Lesser Healing, Heal Other, Divine Protection


You were on level 6 of the Dungeon.
You worshipped Elyvilon.
Elyvilon was pleased with you.
You visited 1 branch of the dungeon, and saw 6 of its levels.

You collected 208 gold pieces.

Inventory:

Hand Weapons
 b - a +1 dagger (weapon)
 n - a +0 short sword
Missiles
 e - 5 javelins
 g - 52 sling bullets
 h - 170 stones
 k - 11 poisoned darts (quivered)
 r - 4 boomerangs
Armour
 a - a +0 robe (worn)
 d - a +0 ring mail
 j - a +0 leather armour
Magical Staves
 t - a staff of cold
Scrolls
 f - 2 scrolls of teleportation
 l - 4 scrolls of identify
 m - 2 scrolls of blinking
 o - 2 scrolls of enchant weapon
 s - a scroll of enchant armour
Potions
 c - a potion of ambrosia
 i - a potion of resistance
 p - a potion of flight
 q - 4 potions of might
 u - a potion of heal wounds


   Skills:
 - Level 1.7 Fighting
 - Level 2.0 Armour
 - Level 2.4 Dodging
 - Level 2.9 Stealth
 + Level 4.7 Spellcasting
 + Level 5.2 Conjurations
 - Level 10.0 Air Magic


You had 6 spell levels left.
You knew the following spells:

 Your Spells              Type           Power      Damage    Failure   Level
a - Shock                 Conj/Air       100%       1d9       1%          1
b - Airstrike             Air            21%        N/A       1%          4
c - Swiftness             Air            42%        N/A       1%          3
d - Static Discharge      Conj/Air       33%        N/A       1%          2

Your spell library contained the following spells:

 Spells                   Type           Power      Damage    Failure   Level
 Magic Dart               Conj           96%        1d7       1%          1
 Searing Ray              Conj           48%        3d5       2%          2
 Foxfire                  Conj/Fire      56%        2x1d6     4%          1
 Freeze                   Ice            16%        1d4       13%         1
 Conjure Flame            Conj/Fire      14%        6-21      13%         3
 Dazzling Flash           Conj/Hex       28%        N/A       13%         3
 Lightning Bolt           Conj/Air       16%        1d30      16%         5
 Frozen Ramparts          Ice            8%         1d2       36%         3
 Inner Flame              Hex/Fire       4%         N/A       36%         3
 Fulminant Prism          Conj/Hex       7%         3d7       41%         4
 Hailstorm                Conj/Ice       14%        3d5       41%         4
 Iskenderun's Mystic Bla  Conj/Tloc      14%        2d5       41%         4
 Starburst                Conj/Fire      7%         8x6d4     100%        6
 Maxwell's Capacitive Co  Air            21%        ∞         100%        8


Dungeon Overview and Level Annotations

Branches:
Dungeon (6/15)             Temple (0/1) D:4

Altars:
Dithmenos
Elyvilon
Sif Muna
Trog
Vehumet
Xom

Shops:
D:5 =:


Innate Abilities, Weirdness & Mutations

You have a beak for a mouth.
You have claws for feet.
Your magical nature lets you fly swiftly and evasively.


Message History

Confirm with . or Enter, or press ? or * to list all spells.
Aiming: Airstrike (dangerous; 2% risk of failure)
Press: ? - help, Dir - move target, f/p - Grinder
Aim: Grinder (severely wounded)
The air twists around and strikes Grinder!
Grinder is almost dead.
Casting: Airstrike (dangerous; 2% risk of failure)
Confirm with . or Enter, or press ? or * to list all spells.
You don't have enough magic to cast this spell.
Throw: 14 darts (poison)
Press: ? - help, Q - select action, (/) - cycle Shift-Dir - straight line, f/p - Grinder
Aim: Grinder (almost dead, 53% to hit)
You throw a poisoned dart. The poisoned dart hits Grinder.
Grinder is almost dead.
Throw: 13 darts (poison)
Press: ? - help, Q - select action, (/) - cycle Shift-Dir - straight line, f/p - Grinder
Aim: Grinder (almost dead, 53% to hit)
You throw a poisoned dart. The poisoned dart hits Grinder.
Grinder is almost dead.
The centaur shoots an arrow.
The arrow hits you. Grinder gestures at you.
You struggle to resist.
Throw: 12 darts (poison)
Press: ? - help, Q - select action, (/) - cycle Shift-Dir - straight line, f/p - Grinder
Aim: Grinder (almost dead, 53% to hit)
You throw a poisoned dart. The poisoned dart hits Grinder.
Grinder is poisoned.
Grinder is almost dead.
The centaur shoots an arrow.
The arrow hits you! Grinder gestures at you.
You suddenly lose the ability to move!
The centaur shoots an arrow.
The arrow hits you!
The centaur shoots an arrow.
The arrow completely misses you. Grinder hits you!
You kill Grinder!
The centaur shoots an arrow.
The arrow hits you!
* * * LOW HITPOINT WARNING * * *
The centaur shoots an arrow.
The arrow hits you! Elyvilon protects you from harm!
Your Conjurations skill increases to level 5!
The centaur shoots an arrow.
The arrow hits you!
You die...

.......[......###.....##......##
...≈≈≈≈≈≈≈≈≈..........+.....#...
...≈.§.....≈.....##...##........
...≈.§≈≈≈≈.≈....####.##.....#...
.#.≈.§§§.≈.≈.#................#.
##.≈.§._.≈.≈.#....##.#......#.#
...≈.≈§....≈.............####.#
##.≈.§§≈≈≈.≈..###.###..#)# #
......§§...≈..# #.###..#.# ##.
≈≈≈..###......... #
.......@......<... ...
####.........c#.### ...
#.####(...... .. .. .(...## ..
## ....... .. ####### . .


You could see a centaur.

Vanquished Creatures
  Grinder (D:6)
  A water moccasin (D:6)
  An ice beast (D:5)
  3 black bears
  A scorpion (D:3)
  A centaur zombie (D:5)
  3 hounds
  A jelly (D:5)
  3 orc priests (D:5)
  2 iguanas
  4 orc wizards
  An adder (D:3)
  4 gnolls
  A white imp (D:6)
  2 adder skeletons (D:4)
  4 worms
  A dart slug (D:1)
  15 orcs
  10 ball pythons
  6 endoplasms
  6 giant cockroaches
  5 hobgoblins (D:1)
  10 jackals
  6 kobolds
  3 quokkas
  A bat (D:1)
  2 frilled lizards
  4 goblins
  5 rats
107 creatures vanquished.

Vanquished Creatures (others)
  A fungus (D:1)
1 creature vanquished.

Grand Total: 108 creatures vanquished

Notes
Turn   | Place    | Note
-------+----------+-------------------------------------------
     0 | D:1      | Gather the Tengu Air Elementalist began the quest for the
                  | Orb.
     0 | D:1      | Reached XP level 1. HP: 10/10 MP: 4/4
   243 | D:1      | Reached XP level 2. HP: 15/15 MP: 0/6
   305 | D:1      | Upgraded the game from 0.28-a0-2-g643f2454ad to
                  | 0.28-a0-6-g334057b17a
   374 | D:1      | Learned a level 2 spell: Static Discharge
   554 | D:1      | Reached skill level 5 in Air Magic
   883 | D:1      | Reached XP level 3. HP: 5/19 MP: 0/7
  1119 | D:1      | Found a faded altar of an unknown god.
  1694 | D:1      | Learned a level 3 spell: Swiftness
  2779 | D:2      | Found a shimmering altar of Xom.
  3332 | D:3      | Reached skill level 6 in Air Magic
  3332 | D:3      | Reached XP level 4. HP: 9/24 MP: 0/8
  3630 | D:3      | Found a white marble altar of Elyvilon.
  3698 | D:3      | Became a worshipper of Elyvilon the Healer
  3934 | D:3      | Found a shimmering blue altar of Sif Muna.
  3945 | D:3      | Gained mutation: Your magical nature lets you fly swiftly
                  | and evasively. [Tengu growth]
  3945 | D:3      | Reached XP level 5. HP: 24/28 MP: 4/9
  4870 | D:4      | Reached * piety under Elyvilon
  4921 | D:4      | Upgraded the game from 0.28-a0-6-g334057b17a to
                  | 0.28-a0-8-g6e044cfa68
  5186 | D:4      | Noticed a black bear
  5572 | D:3      | Reached XP level 6. HP: 11/33 MP: 5/11
  5806 | D:4      | Learned a level 4 spell: Airstrike
  5883 | D:4      | Reached skill level 1 in Armour
  5957 | D:4      | Found a staircase to the Ecumenical Temple.
  6374 | D:3      | Upgraded the game from 0.28-a0-8-g6e044cfa68 to
                  | 0.28-a0-10-g964c8b829e
  6575 | D:4      | Killed a black bear
  6576 | D:4      | Reached skill level 1 in Fighting
  6576 | D:4      | Reached skill level 7 in Air Magic
  6801 | D:4      | Found a shadowy altar of Dithmenos.
  6962 | D:5      | Entered Level 5 of the Dungeon
  6962 | D:5      | Reached ** piety under Elyvilon
  7306 | D:5      | Reached XP level 7. HP: 39/39 MP: 4/13
  8065 | D:5      | Reached skill level 8 in Air Magic
  8158 | D:5      | Found Damuthrae's Jewellery Shop.
  8175 | D:5      | Found a bloodstained altar of Trog.
  8328 | D:5      | Reached skill level 9 in Air Magic
  8601 | D:5      | Found Oloraemi's Book Shoppe.
  8621 | D:5      | Reached skill level 10 in Air Magic
  8621 | D:5      | Reached XP level 8. HP: 44/44 MP: 1/14
  9255 | D:6      | Upgraded the game from 0.28-a0-10-g964c8b829e to
                  | 0.28-a0-29-g0adfcbbeba
  9494 | D:6      | Found a radiant altar of Vehumet.
  9583 | D:6      | Noticed Grinder
 10105 | D:6      | Paralysed by Grinder for 6 turns
 10108 | D:6      | Killed Grinder
 10108 | D:6      | Elyvilon protects you from harm!
 10109 | D:6      | Reached skill level 5 in Conjurations
 10109 | D:6      | Shot with an arrow by a centaur

Illustrated notes

Levels and vault maps discovered:
D:1:      scummos_arrival_forest, layout_basic,
          chequers_ecumenical_altar_island, serial_co_window_serial,
          co_window_corner_a, co_window_cross_1, co_window_of_opportunity_a,
          co_window_paths_a, co_window_paths_a, co_window_cross_1,
          co_window_paths_a, co_window_of_opportunity_c, co_window_broadway_a,
          co_window_corner_b, co_window_unsneaky_path_a, co_window_broadway_c,
          glass_columns_a, glass_columns_b, glass_columns_a,
          minmay_shallow_snake_nest
D:2:      layout_basic, basic_altar, serial_corexii_hall,
          chequers_hall_statues_corner_a, corexii_hall_statues_i
D:3:      layout_basic, lemuel_tele_altar, mainiacjoe_overflow_small_starburst,
          minivault_23, minmay_strange_pillars
D:4:      layout_rooms, lemuel_coloured_pillars_altar,
          minmay_temple_entry_slanted, hex_medium
D:5:      layout_cave_pools, trog_ov_bears_minmay, serial_shops, shop,
          nicolae_shop_crystal, kennysheep_generic_room_9
D:6:      layout_basic, mainiacjoe_overflow_alcove_1,
          mainiacjoe_overflow_concentric_impassable, uniq_sigmund, uniq_grinder

Skill      XL: |  1  2  3  4  5  6  7  8 |
---------------+-------------------------+-----
Air Magic      | 5 6 7 10 | 10.0
Conjurations   | 2 5 |  5.2
Spellcasting   | 3 4 |  4.7
Armour         | 2 |  2.0
Fighting       | 1 |  1.7
Dodging        | |  2.4
Stealth        | |  2.9

Action                   |  1- 3 |  4- 6 |  7- 9 || total
-------------------------+-------+-------+-------++-------
Melee: Peck              |     3 |     1 |       ||     4
       Unarmed           |     1 |       |       ||     1
       Dagger            |     9 |       |     3 ||    12
       Kick              |     1 |       |       ||     1
       Short sword       |     1 |     5 |       ||     6
Throw: Dart              |       |       |    11 ||    11
 Cast: Shock             |    75 |    81 |    17 ||   173
       Static Discharge  |    10 |     8 |       ||    18
       Airstrike         |       |    18 |    33 ||    51
  Use: Potion            |       |     3 |       ||     3
       Scroll            |       |    10 |       ||    10
 Stab: Sleeping          |     2 |     2 |     1 ||     5
Armor: Robe              |     8 |     3 |     4 ||    15
       Skin              |       |     3 |       ||     3
       Leather armour    |       |     2 |       ||     2
Dodge: Dodged            |    28 |    42 |    21 ||    91

Table legend: (Time is in decaauts)
 A = Elapsed time spent in this place.
 B = Non-inter-level travel time spent in this place.
 C = Inter-level travel time spent in this place.
 D = Time resting spent in this place.
 E = Time spent auto-exploring this place.
 F = Levels seen in this place.
 G = Mean time per level.
                   A        B        C        D        E       F      G
               +--------+--------+--------+--------+--------+-----+--------+
         Total |   9923 |   9518 |    405 |   3278 |   4926 |   6 | 1653.8 |
       Dungeon |   9923 |   9518 |    405 |   3278 |   4926 |   6 | 1653.8 |
               +--------+--------+--------+--------+--------+-----+--------+

Top non-repeatable levels by time:
     D:1: 2475 daAuts
     D:3: 2439 daAuts
     D:4: 1954 daAuts
     D:5: 1926 daAuts
     D:2: 959 daAuts
     D:6: 167 daAuts
